 Dungeon Crawl Stone Soup version 0.30-a0-371-gad7725a93e (webtiles) character file.

Game seed: 10789657971957973378

3987 Muataran the Grappler (level 10, -3/100 HPs)
             Began as a Troll Monk on Nov 20, 2022.
             Was a High Priest of Qazlal.
             Slain by a troll (9 damage)
             ... on level 9 of the Dungeon.
             The game lasted 00:12:17 (7233 turns).

Muataran the Grappler (Troll Monk)                  Turns: 7233, Time: 00:12:17

Health: -3/100     AC:  7    Str: 24    XL:     10   Next: 3%
Magic:  10/13      EV: 10    Int: 10    God:    Qazlal [*****.]
Gold:   603        SH:  6    Dex: 12    Spells: 9/9 levels left

rFire   . . .      SeeInvis +      - Unarmed
rCold   . . .      Faith    .    (no shield)
rNeg    . . .      Spirit   .    o - +0 robe of Inaction {rElec rCorr Str+3}
rPois   .          Reflect  .    (helmet restricted)
rElec   +          Harm     .    (no cloak)
rCorr   +          Rampage  .    (gloves unavailable)
Will    +....                    (boots unavailable)
Stlth   +.........               w - amulet of regeneration
HPRegen 1.96/turn                l - ring of willpower
MPRegen 0.13/turn                A - ring of see invisible

@: lethally poisoned (-3 -> -4), protected from physical damage, repel missiles
A: large, unfitting armour, claws 3, regeneration 1, shaggy fur 1, tough skin 1
a: Renounce Religion, Upheaval, Elemental Force, Disaster Area


You were on level 9 of the Dungeon.
You worshipped Qazlal.
Qazlal was extremely pleased with you.
You visited 1 branch of the dungeon, and saw 9 of its levels.

You collected 603 gold pieces.

Inventory:

Armour
 o - the +0 robe of Inaction (worn) {rElec rCorr Str+3}
   (You found it on level 3 of the Dungeon)

   Str:       It affects your strength (+3).
   rElec:     It insulates you from electricity.
   rCorr:     It protects you from acid and corrosion.
Jewellery
 k - an amulet of reflection
 l - a ring of willpower (left claw)
 w - an amulet of regeneration (around neck)
 A - a ring of see invisible (right claw)
Wands
 n - a wand of flame (22)
 r - a wand of mindburst (17)
 u - a wand of paralysis (9)
Scrolls
 a - a scroll of summoning
 f - 5 scrolls of identify
 h - 2 scrolls of fear
 i - a scroll of immolation
 j - a scroll of brand weapon {unknown}
 p - 2 scrolls of poison
 q - a scroll of teleportation
 s - 2 scrolls of blinking
 x - a scroll of enchant weapon
 y - a scroll of amnesia
Potions
 b - 2 potions of ambrosia
 c - 4 potions of lignification
 d - 6 potions of attraction
 e - 2 potions of brilliance
 g - a potion of curing
 t - a potion of might
 v - a potion of heal wounds
 z - 2 potions of mutation {unknown}
 B - a potion of invisibility {unknown}


   Skills:
 + Level 6.6 Fighting
 - Level 2.4 Dodging
 - Level 1.0 Stealth
 * Level 10.8 Unarmed Combat
 + Level 6.2 Invocations


You had 9 spell levels left.
You didn't know any spells.
Your spell library contained the following spells:

 Spells                   Type           Power      Damage    Failure   Level
 Gell's Gravitas          Tloc           0%         N/A       75%         3
 Lesser Beckoning         Tloc           0%         N/A       75%         3
 Teleport Other           Tloc           0%         N/A       75%         3
 Summon Lightning Spire   Summ/Air       0%         N/A       98%         4
 Storm Form               Tmut/Air       0%         N/A       100%        7
 Maxwell's Capacitive Co  Air            0%         ∞         100%        8


Dungeon Overview and Level Annotations

Branches:
Dungeon (9/15)             Temple (0/1) D:7             Orc (0/2) D:9
   Lair: D:8-11

Altars:
Cheibriados
Kikubaaqudgha
Makhleb
Nemelex Xobeh
Qazlal
Ru
Sif Muna
Uskayaw
Vehumet
Wu Jian
Zin

Shops:
D:9 =

Annotations:
D:7 2 transporters, AigisTheKnight's ghost, novice MfIE


Innate Abilities, Weirdness & Mutations

You are too large for most types of armour.
You have claws for hands.
Your natural rate of healing is unusually fast.
You are covered in fur. (AC +1)
You have tough skin. (AC +1)


Message History

The troll claws you!
You closely miss the troll.
The troll is moderately wounded.
You feel sick.
The gnoll sergeant hits you from afar with a +1 spear of venom.
You are more poisoned.
The troll bites you. The troll claws you! The troll closely misses you.
You barely miss the troll.
The troll is moderately wounded.
You feel very sick.
The gnoll sergeant hits you from afar with a +1 spear of venom.
You feel more protected from physical attacks.
You are more poisoned.
The troll bites you but does no damage. The troll claws you!
* * * LOW HITPOINT WARNING * * *
You feel more protected from physical attacks.
The troll claws you but does no damage.
Aiming: Upheaval
Press: ? - help, Dir - move target, f - gnoll sergeant
Aim: a gnoll sergeant, wielding a +1 spear of venom, wearing a +0 ring mail and wearing a +0 buckler The ground shakes violently, spewing rubble!
The blast of rubble hits the gnoll sergeant!!
The gnoll sergeant is severely wounded.
You feel very sick.
The gnoll sergeant hits you from afar with a +1 spear of venom.
* * * LOW HITPOINT WARNING * * *
You are lethally poisoned!
The troll completely misses you. The troll claws you but does no damage.
The troll claws you.
* * * LOW HITPOINT WARNING * * *
You feel more protected from physical attacks.
You feel better.
The gnoll sergeant hits you from afar with a +1 spear of venom.
* * * LOW HITPOINT WARNING * * *
You are poisoned.
The troll bites you but does no damage. The troll claws you!
* * * LOW HITPOINT WARNING * * *
You feel more protected from physical attacks.
The troll claws you!
You die...

#.................
#..........o.....T
#......o....######
#K....o.....#....#
#og.........#....#
#o#########'#....#
#g#..............#
#T#..............#
#@#..............#
#.#..............#
#.#...........)..#
#.#............))#
#.#.............)'
#.################
#.................
#.................
##################


You could see a troll, a kobold brigand, a gnoll sergeant, a gnoll and 2 orcs.

Vanquished Creatures
  Eustachio (D:5)
  2 water moccasins
  6 orc warriors
  3 black bears
  2 sky beasts (D:6)
  An ogre (D:3)
  A phantom (D:3)
  3 kobold brigands
  3 bullfrogs
  4 gnoll sergeants (D:9)
  A scorpion (D:5)
  A necrophage (D:6)
  3 wights
  6 killer bees
  4 electric eels (D:9)
  8 orc priests
  3 jellies
  Ijyb (D:5)
  4 iguanas
  Natasha (thrice) (D:3)
  10 orc wizards
  11 gnolls
  7 adders
  2 shadow imps (D:7)
  5 worms (D:2)
  3 dart slugs
  22 orcs
  13 ball pythons
  7 bats
  7 endoplasms
  A giant cockroach (D:3)
  11 goblins
  9 hobgoblins
  4 jackals (D:2)
  17 kobolds
  3 quokkas
  3 frilled lizards
  3 rats
198 creatures vanquished.

Vanquished Creatures (others)
  8 plants
8 creatures vanquished.

Grand Total: 206 creatures vanquished

Notes
Turn   | Place    | Note
-------+----------+-------------------------------------------
     0 | D:1      | Muataran the Troll Monk began the quest for the Orb.
     0 | D:1      | Reached XP level 1. HP: 22/22 MP: 0/0
   410 | D:2      | Reached XP level 2. HP: 26/29 MP: 1/1
   667 | D:2      | Reached XP level 3. HP: 28/36 MP: 2/2
   718 | D:2      | Reached skill level 4 in Unarmed Combat
   792 | D:3      | Noticed an air elemental
   794 | D:3      | Found a stormy altar of Qazlal.
   798 | D:3      | Noticed an earth elemental
   799 | D:3      | Noticed a water elemental
   799 | D:3      | Noticed a fire elemental
   804 | D:3      | Became a worshipper of Qazlal Stormbringer
   804 | D:3      | Reached * piety under Qazlal
   804 | D:3      | Reached ** piety under Qazlal
   854 | D:1      | Reached XP level 4. HP: 44/45 MP: 3/3
  1501 | D:2      | Reached skill level 1 in Invocations
  1501 | D:2      | Reached XP level 5. HP: 51/53 MP: 4/4
  1887 | D:3      | Identified the +0 robe of Inaction {rElec rCorr Str+3}
  2050 | D:3      | Noticed a phantom
  2057 | D:3      | Killed a phantom
  2058 | D:3      | Reached skill level 5 in Unarmed Combat
  2116 | D:3      | Reached *** piety under Qazlal
  2130 | D:3      | Noticed Natasha
  2142 | D:3      | Killed Natasha
  2229 | D:3      | Found a sparkling altar of Nemelex Xobeh.
  2340 | D:3      | Reached XP level 6. HP: 60/61 MP: 6/6
  2370 | D:3      | Noticed Natasha
  2379 | D:3      | Killed Natasha
  2577 | D:3      | Noticed Natasha
  2582 | D:3      | Killed Natasha
  2730 | D:3      | Reached skill level 6 in Unarmed Combat
  2818 | D:4      | Reached XP level 7. HP: 66/70 MP: 7/7
  3113 | D:4      | Found a shimmering blue altar of Sif Muna.
  3113 | D:4      | Found a snail-covered altar of Cheibriados.
  3121 | D:4      | Found an ancient bone altar of Kikubaaqudgha.
  3123 | D:4      | Found a radiant altar of Vehumet.
  3125 | D:4      | Found a hide-covered altar of Uskayaw.
  3288 | D:5      | Entered Level 5 of the Dungeon
  3295 | D:5      | Reached **** piety under Qazlal
  3305 | D:5      | Found a sacrificial altar of Ru.
  3358 | D:5      | Reached skill level 7 in Unarmed Combat
  3365 | D:5      | Noticed Eustachio
  3385 | D:5      | Killed Eustachio
  3403 | D:5      | Reached XP level 8. HP: 79/79 MP: 9/9
  3423 | D:5      | Noticed Ijyb
  3423 | D:5      | Paralysed by Ijyb for 3 turns
  3434 | D:5      | Paralysed by Ijyb for 3 turns
  3437 | D:5      | Killed Ijyb
  4128 | D:6      | Reached skill level 8 in Unarmed Combat
  4187 | D:6      | Reached skill level 5 in Fighting
  5334 | D:7      | Found a staircase to the Ecumenical Temple.
  5360 | D:7      | Found a transporter.
  5501 | D:7      | Reached skill level 9 in Unarmed Combat
  5579 | D:7      | Noticed AigisTheKnight's ghost (novice MfIE)
  5593 | D:7      | Found a transporter.
  5712 | D:7      | Reached XP level 9. HP: 88/88 MP: 11/11
  5972 | D:8      | Reached skill level 5 in Invocations
  6092 | D:8      | Found a glowing silver altar of Zin.
  6698 | D:7      | HP: 3/88 [killer bee (7)]
  6698 | D:7      | HP: 1/88 [killer bee (2)]
  6708 | D:7      | Reached skill level 10 in Unarmed Combat
  6760 | D:9      | Found a burning altar of Makhleb.
  6783 | D:9      | Found an ornate altar of the Wu Jian Council.
  6808 | D:9      | Reached ***** piety under Qazlal
  7126 | D:9      | Found Uteucof's Jewellery Shop.
  7147 | D:9      | Found a staircase to the Orcish Mines.
  7147 | D:9      | Noticed a troll
  7163 | D:9      | HP: 3/92 [orc warrior/+0 long sword (16)]
  7222 | D:9      | Reached XP level 10. HP: 99/100 MP: 13/13
  7233 | D:9      | Slain by a troll

Illustrated notes

Levels and vault maps discovered:
D:1:      heliophobic_arrival_dark_side_of_the_moon, layout_basic
D:2:      minmay_chambers_of_ones, layout_loops_corners, serial_bayou_pond_a
D:3:      layout_basic, nemelex_dance_club_becter,
          nicolae_qazlal_style_of_elements, uniq_natasha
D:4:      layout_cave_pools, chequers_temple_overflow_minitemple
D:5:      layout_rooms, nicolae_ru_great_annihilating_truth,
          serial_bayou_lagoon_b, uniq_ijyb, uniq_eustachio
D:6:      layout_loops_corners
D:7:      layout_cave_pools, minmay_temple_entry_purple_smoke,
          nzn_ghost_randoct, nicolae_sextant, minivault_10,
          roderic_serpentine_path
D:8:      layout_rooms, zin_scriptorium
D:9:      layout_irregular_city, lemuel_round_altar, bloody_makhleb,
          kennysheep_orc_monster_closet_entryway, serial_bayou,
          serial_bayou_crossing, serial_bayou_shore_b, serial_bayou_lake_a,
          serial_bayou_pond_e, nicolae_take_the_stairs

Skill      XL: |  1  2  3  4  5  6  7  8  9 |
---------------+----------------------------+-----
Unarmed Combat | 4 5 6 7 9 10 | 10.8
Fighting       | 3 4 5 6 |  6.6
Invocations    | 1 2 3 4 6 |  6.2
Dodging        | |  2.4
Stealth        | |  1.0

Action                   |  1- 3 |  4- 6 |  7- 9 | 10-12 || total
-------------------------+-------+-------+-------+-------++-------
Melee: Unarmed           |    62 |   150 |   262 |     9 ||   483
       Punch             |     3 |     6 |     9 |     2 ||    20
Invok: Upheaval          |       |       |       |     1 ||     1
Evoke: Wand              |       |       |    13 |       ||    13
  Use: Scroll            |       |       |    18 |       ||    18
       Potion            |       |       |     6 |     1 ||     7
 Stab: Sleeping          |     1 |       |       |       ||     1
       Paralysed         |       |       |     1 |       ||     1
Armor: Robe              |    22 |    27 |    46 |     4 ||    99
Dodge: Dodged            |    41 |    56 |   140 |     5 ||   242
       Repelled          |       |       |     3 |       ||     3
Block: Other             |       |    36 |    93 |     1 ||   130
       Reflection        |       |     3 |     2 |       ||     5

Table legend: (Time is in decaauts)
 A = Elapsed time spent in this place.
 B = Non-inter-level travel time spent in this place.
 C = Inter-level travel time spent in this place.
 D = Time resting spent in this place.
 E = Time spent auto-exploring this place.
 F = Levels seen in this place.
 G = Mean time per level.
                   A        B        C        D        E       F      G
               +--------+--------+--------+--------+--------+-----+--------+
         Total |   7197 |   6862 |    335 |    537 |   5093 |   9 |  799.7 |
       Dungeon |   7197 |   6862 |    335 |    537 |   5093 |   9 |  799.7 |
               +--------+--------+--------+--------+--------+-----+--------+

Top non-repeatable levels by time:
     D:6: 1157 daAuts
     D:2: 1104 daAuts
     D:3: 1025 daAuts
     D:7: 827 daAuts
     D:5: 773 daAuts
     D:8: 694 daAuts
     D:1: 606 daAuts
     D:4: 541 daAuts
     D:9: 466 daAuts
